 Dungeon Crawl Stone Soup version 0.30-a0-1116-gebefce21f7 (webtiles) character file.

Game seed: 10350860296542420252

4487 FexLirch the Covert (level 10, -1/53 HPs)
             Began as a Vine Stalker Brigand on Apr 22, 2023.
             Was a Follower of Wu Jian.
             Slain by a troll (8 damage)
             ... on level 11 of the Dungeon.
             The game lasted 00:27:10 (7781 turns).

FexLirch the Covert (Vine Stalker Brigand)          Turns: 7781, Time: 00:27:11

Health: -1/53      AC:  6    Str: 13    XL:     10   Next: 38%
Magic:  0/11       EV: 15    Int: 11    God:    Wu Jian [*.....]
Gold:   501        SH:  0    Dex: 21    Spells: 9/9 levels left

rFire   . . .      SeeInvis .    M - +2 great sword
rCold   . . .      Faith    .    (shield currently unavailable)
rNeg    . . .      Spirit   +    r - +0 leather armour
rPois   .          Reflect  .    A - +0 helmet
rElec   .          Rampage  .    c - +0 cloak
rCorr   .                        (no gloves)
Will    +....                    m - +0 pair of boots
Stlth   +++++                    i - amulet of magic regeneration
HPRegen 1.08/turn                (no ring)
MPRegen 0.52/turn                (no ring)

@: no status effects
A: fangs 3, regeneration 1, magic shield, antimagic bite, no potion heal 2
a: Renounce Religion


You were on level 11 of the Dungeon.
You worshipped Wu Jian.
Wu Jian was aware of your devotion.
You visited 1 branch of the dungeon, and saw 10 of its levels.

You collected 501 gold pieces.

Inventory:

Hand Weapons
 a - a +2 dagger
 e - a +2 short sword of venom
 q - a +2 dagger of draining
 w - a +2 shortbow of flaming
 x - a +1 dagger of flaming
 K - a +3 falchion of holy wrath
 M - a +2 great sword (weapon)
 W - a +4 scimitar of flaming
Missiles
 d - 15 poisoned darts
 g - 73 stones
 s - 16 boomerangs
 G - 4 silver boomerangs
 J - 3 curare-tipped darts (quivered)
Armour
 c - a +0 cloak (worn)
 m - a +0 pair of boots (worn)
 r - a +0 leather armour (worn)
 A - a +0 helmet (worn)
 I - a +0 buckler
 N - +0 gold dragon scales
Jewellery
 i - an amulet of magic regeneration (around neck)
 u - a ring of ice
 y - an amulet of the acrobat
 V - a ring of flight
Wands
 H - a wand of polymorph (1)
 T - a wand of paralysis (19)
Scrolls
 f - 2 scrolls of teleportation
 j - 2 scrolls of fear {unknown}
 k - a scroll of immolation
 l - 2 scrolls of vulnerability
 o - 2 scrolls of enchant armour
 B - 2 scrolls of enchant weapon {unknown}
 D - 2 scrolls of magic mapping {unknown}
 P - a scroll of poison {unknown}
 Q - a scroll of blinking {unknown}
 U - a scroll of butterflies {unknown}
Potions
 b - a potion of ambrosia {unknown}
 h - 5 potions of curing
 n - 2 potions of might
 p - a potion of berserk rage {unknown}
 t - 2 potions of mutation {unknown}
 v - a potion of attraction {unknown}
 z - a potion of heal wounds {unknown}
 C - 2 potions of cancellation {unknown}
 E - a potion of magic {unknown}
 F - a potion of degeneration {unknown}
 L - a potion of resistance {unknown}
 O - a potion of flight {unknown}
 R - a potion of invisibility {unknown}
 S - 2 potions of brilliance {unknown}


   Skills:
 + Level 6.2 Fighting
 - Level 1.7(5.6) Short Blades
 * Level 8.4(8.6) Long Blades
 + Level 2.1 Ranged Weapons
 - Level 1.7 Throwing
 + Level 5.4 Dodging
 + Level 9.9 Stealth


You had 9 spell levels left.
You didn't know any spells.
Your spell library contained the following spells:

 Spells                   Type           Power      Damage    Failure   Level
 Magic Dart               Conj           0%         1d3       41%         1
 Call Imp                 Summ           0%         N/A       56%         2
 Lesser Beckoning         Tloc           0%         N/A       56%         2
 Gell's Gravitas          Tloc           0%         N/A       80%         3
 Hailstorm                Conj/Ice       0%         3d3       80%         3
 Mephitic Cloud           Conj/Pois/Air  0%         N/A       80%         3
 Ozocubu's Armour         Ice            0%         N/A       80%         3
 Teleport Other           Tloc           0%         N/A       80%         3
 Ice Form                 Ice/Tmut       0%         N/A       99%         4
 Olgreb's Toxic Radiance  Pois           0%         N/A       99%         4
 Metabolic Englaciation   Hex/Ice        0%         N/A       100%        5
 Simulacrum               Ice/Necr       0%         N/A       100%        6
 Discord                  Hex            0%         N/A       100%        8
 Ignition                 Fire           0%         3d3       100%        8


Dungeon Overview and Level Annotations

Branches:
Dungeon (9/15)             Temple (0/1) D:7
   Lair: D:8-11         Orc: D:9-12

Altars:
Wu Jian

Shops:
D:5 *   D:6 [

Annotations:
D:5 exclusion: ogre
D:7 exclusion: troll, Joseph


Innate Abilities, Weirdness & Mutations

You have razor-sharp teeth.
Your natural rate of healing is unusually fast.
When hurt, damage is shared between your health and your magic reserves.
Your bite disrupts and absorbs the magic of your enemies.
Potions cannot restore your health.


Message History

You now have 501 gold pieces (gained 14).
Found 2 lumpy ruby potions.
A polar bear comes into view.
Found a leather armour.
You see here a +0 cloak.
X - a +0 cloak
Okay, then.
Unknown command.
You drop a +0 cloak.
A troll comes into view.
The troll shouts!
You hear a bark!
A troll is nearby!
Okay, then.
Unknown command.
Your +2 shortbow of flaming bursts into flame!
w - a +2 shortbow of flaming (weapon)
You shoot an arrow. The arrow hits the troll!
The arrow burns the troll!
The troll is heavily wounded.
Your +2 shortbow of flaming stops flaming.
M - a +2 great sword (weapon)
You lunge at the troll.
You closely miss the troll.
The troll is heavily wounded.
The troll closely misses you. The troll claws you. The troll misses you.
You slash the troll! You bite the troll. You drain its power.
The troll is severely wounded.
The troll bites you! The troll claws you! The troll misses you.
You barely miss the troll.
The troll is severely wounded.
The troll bites you! The troll claws you! The troll claws you.
You hit the troll. You bite the troll, but do no damage.
The troll is severely wounded.
The troll bites you!
* * * LOW HITPOINT WARNING * * *
The troll claws you.
* * * LOW HITPOINT WARNING * * *
The troll barely misses you. The troll bites you but does no damage.
The troll claws you.
* * * LOW HITPOINT WARNING * * *
The troll claws you!
You die...

...##.............
...................
.....>..#.........
...#..###........
####.##.............
##.##.#....[....!....
#....................
##...#....#...........
#........@T...........
##.#........#....~.~.~
#####......#...~~.~.~
##....##...~~.≈.~
#.#....#..~≈≈≈~.~
....#......~~≈≈~.
.............~≈≈~
##.#..#......
.#..........≈


You could see a troll.

Vanquished Creatures
  Erica (D:9)
  A troll (D:8)
  A hornet (D:8)
  Prince Ribbit (D:6)
  A water moccasin (D:7)
  An orc warrior (D:9)
  2 ice beasts (D:6)
  2 sky beasts
  3 black bears
  A centaur (D:8)
  A wolf (D:5)
  A phantom (D:6)
  Blork the orc (D:4)
  2 bullfrogs
  6 scorpions
  7 wights
  9 killer bees (D:7)
  3 hounds
  8 orc priests
  A sleepcap (D:4)
  An iguana (D:3)
  10 orc wizards
  4 gnolls
  6 adders
  A shadow imp (D:5)
  2 white imps
  3 ufetubi
  2 worms
  2 dart slugs (D:2)
  37 orcs
  5 ball pythons
  6 endoplasms
  A giant cockroach (D:1)
  6 goblins
  12 hobgoblins
  2 jackals (D:3)
  5 quokkas
  3 bats
  3 frilled lizards
  16 kobolds
  5 rats
185 creatures vanquished.

Notes
Turn   | Place    | Note
-------+----------+-------------------------------------------
     0 | D:1      | FexLirch the Vine Stalker Brigand began the quest for the
                  | Orb.
     0 | D:1      | Reached XP level 1. HP: 11/11 MP: 2/2
   321 | D:1      | Reached skill level 1 in Dodging
   321 | D:1      | Reached XP level 2. HP: 15/15 MP: 3/3
   339 | D:1      | Reached skill level 5 in Stealth
   424 | D:1      | Reached skill level 1 in Long Blades
  1029 | D:2      | Reached XP level 3. HP: 18/18 MP: 4/4
  1950 | D:3      | Gained mutation: Your natural rate of healing is unusually
                  | fast. [Vine Stalker growth]
  1950 | D:3      | Reached XP level 4. HP: 23/23 MP: 3/5
  2123 | D:3      | Reached XP level 5. HP: 26/27 MP: 6/6
  2694 | D:4      | Reached XP level 6. HP: 22/32 MP: 7/7
  2761 | D:4      | Reached skill level 6 in Stealth
  3356 | D:4      | Reached XP level 7. HP: 36/36 MP: 8/8
  3475 | D:4      | Noticed Blork the orc
  3526 | D:4      | Killed Blork the orc
  3861 | D:5      | Entered Level 5 of the Dungeon
  4054 | D:5      | Found Nocumesk's Assorted Antiques.
  4209 | D:5      | Noticed Sigmund
  4215 | D:5      | Sigmund changed into Sigmund the wolf
  4215 | D:5      | Noticed Sigmund
  4223 | D:5      | Killed Sigmund the wolf
  4444 | D:5      | Reached skill level 7 in Stealth
  4444 | D:5      | Gained mutation: You have razor-sharp teeth. [Vine Stalker
                  | growth]
  4444 | D:5      | Reached XP level 8. HP: 28/32 MP: 9/9
  4526 | D:5      | Reached skill level 5 in Long Blades
  4876 | D:6      | Found Duzeox's Armour Shop.
  5087 | D:6      | Noticed Prince Ribbit
  5195 | D:6      | Reached skill level 8 in Stealth
  5208 | D:6      | Found an ornate altar of the Wu Jian Council.
  5256 | D:6      | Became a worshipper of the Wu Jian Council
  5312 | D:6      | Killed Prince Ribbit
  5313 | D:6      | Reached XP level 9. HP: 24/46 MP: 6/10
  5353 | D:6      | Reached skill level 5 in Fighting
  5696 | D:7      | Found a staircase to the Ecumenical Temple.
  5834 | D:7      | Noticed Joseph
  6257 | D:7      | Reached * piety under Wu Jian
  6258 | D:7      | Reached skill level 9 in Stealth
  6592 | D:7      | Noticed a troll
  6852 | D:8      | Noticed a troll
  7028 | D:7      | Reached skill level 5 in Dodging
  7086 | D:7      | Reached XP level 10. HP: 30/53 MP: 9/11
  7454 | D:8      | Paralysed by a hornet for 1 turns
  7459 | D:8      | Reached skill level 1 in Ranged Weapons
  7713 | D:9      | Noticed Erica
  7725 | D:9      | Killed Erica
  7729 | D:9      | You fall into a shaft and drop 2 floors!
  7781 | D:11     | Slain by a troll

Illustrated notes

Levels and vault maps discovered:
D:1:      dpeg_arrival_shrine, layout_basic, kennysheep_doodads
D:2:      layout_basic
D:3:      layout_loops_ring
D:4:      corexii_shantytown, layout_basic, uniq_blork_the_orc
D:5:      layout_gridville, serial_shops, shop, uniq_sigmund
D:6:      layout_rooms, marbit_many_paths, serial_shops, shop,
          kennysheep_generic_room_13, uniq_prince_ribbit1
D:7:      cheibrodos_two_vegetables, layout_basic,
          minmay_temple_entry_antechambers, uniq_joseph
D:8:      layout_loops_cross, hangedman_abyss_or_decor_passed
D:9:      minmay_ornate_pinched, layout_grid_maze, serial_shops,
          nicolae_shop_rolled_up, amethyst_killhole, moated_statue,
          serial_bayou_pond_a, st_stairs_5,
          nicolae_concentric_dashed_squares_mild, uniq_erica
D:11:     layout_cross, erik_lair_island, trog_ov_bears_minmay, uniq_maurice

Skill      XL: |  1  2  3  4  5  6  7  8  9 10 |
---------------+-------------------------------+-----
Dodging        | 1 2 3 4 5 |  5.4
Stealth        | 5 6 7 8 9 |  9.9
Fighting       | 2 3 4 5 6 |  6.2
Long Blades    | 1 2 3 4 6 7 8 |  8.4
Ranged Weapons | 2 |  2.1
Short Blades   | |  1.7
Throwing       | |  1.7

Action                     |  1- 3 |  4- 6 |  7- 9 | 10-12 || total
---------------------------+-------+-------+-------+-------++-------
  Melee: Dagger            |    79 |   180 |    82 |    11 ||   352
         Bite              |    18 |    50 |   117 |     7 ||   192
         Punch             |     1 |     4 |     3 |     1 ||     9
         Falchion          |       |       |   122 |       ||   122
         Short sword       |       |       |   141 |    16 ||   157
         Great sword       |       |       |       |    16 ||    16
   Fire: Shortbow          |       |       |    16 |     3 ||    19
  Throw: Dart              |     8 |     1 |    13 |       ||    22
Ability: Lunge             |       |       |    15 |     8 ||    23
  Evoke: Wand              |       |       |     1 |       ||     1
    Use: Scroll            |       |       |     6 |       ||     6
   Stab: Sleeping          |    10 |     9 |    26 |     1 ||    46
         Distracted        |       |       |     1 |       ||     1
 Armour: Robe              |    13 |    18 |    28 |       ||    59
         Skin              |       |       |     1 |       ||     1
         Leather armour    |       |       |    55 |     7 ||    62
  Dodge: Dodged            |    34 |    71 |   232 |    41 ||   378

Table legend: (Time is in decaauts)
 A = Elapsed time spent in this place.
 B = Non-inter-level travel time spent in this place.
 C = Inter-level travel time spent in this place.
 D = Time resting spent in this place.
 E = Time spent auto-exploring this place.
 F = Levels seen in this place.
 G = Mean time per level.
                   A        B        C        D        E       F      G
               +--------+--------+--------+--------+--------+-----+--------+
         Total |   7660 |   7247 |    413 |    213 |   5043 |  10 |  766.0 |
       Dungeon |   7660 |   7247 |    413 |    213 |   5043 |  10 |  766.0 |
               +--------+--------+--------+--------+--------+-----+--------+

Top non-repeatable levels by time:
     D:7: 1217 daAuts
     D:4: 1157 daAuts
     D:5: 1094 daAuts
     D:2: 1092 daAuts
     D:1: 795 daAuts
     D:8: 748 daAuts
     D:3: 724 daAuts
     D:6: 683 daAuts
     D:9: 97 daAuts
    D:11: 51 daAuts
